 Dungeon Crawl Stone Soup version 0.28-a0-723-g095bd1b44f (webtiles) character file.

Game seed: 12865135444183761525

4123 Essalna the Firebug (level 10, -2/60 HPs)
             Began as a Gargoyle Fire Elementalist on Oct 26, 2021.
             Was a Follower of Vehumet.
             Killed from afar by a lindwurm (40 damage)
             ... with a blast of flame
             ... on level 8 of the Dungeon.
             The game lasted 00:22:25 (9643 turns).

Essalna the Firebug (Gargoyle Fire Elementalist)    Turns: 9643, Time: 00:22:26

Health: -2/60      AC: 19    Str: 12    XL:     10   Next: 27%
Magic:  19/19      EV: 13    Int: 25    God:    Vehumet [*.....]
Gold:   311        SH:  0    Dex: 10    Spells: 10/21 levels left

rFire   . . .      SeeInvis +   E - +5 short sword (elec)
rCold   . . .      Faith    .   (no shield)
rNeg    + . .      Spirit   .   G - +5 robe of Night {Dark Will+ SInv}
rPois   ∞          Reflect  .   c - +0 helmet
rElec   +          Harm     .   (no cloak)
rCorr   .          Rampage  .   l - +2 pair of gloves
Will    +....                   (no boots)
Stlth   ++........              (no amulet)
HPRegen 0.20/turn               i - ring of wizardry
MPRegen 0.16/turn               j - +6 ring of intelligence

@: no status effects
A: sickness immunity, AC +7, negative energy resistance 1, electricity
resistance, torment resistance 1, petrification resistance
a: Renounce Religion


You were on level 8 of the Dungeon.
You worshipped Vehumet.
Vehumet was aware of your devotion.
You visited 2 branches of the dungeon, and saw 9 of its levels.
You also visited: Sewer.

You collected 311 gold pieces.

Inventory:

Hand Weapons
 d - a +0 falchion
 f - a +2 dagger of venom
 E - a +5 short sword of electrocution (weapon)
Missiles
 t - a throwing net
Armour
 a - a +0 robe
 c - a +0 helmet (worn)
 k - a +0 troll leather armour {Purgy}
 l - a +2 pair of gloves (worn)
 w - a +3 leather armour of willpower
 G - the +5 robe of Night (worn) {Dark Will+ SInv}
   (You found it on level 7 of the Dungeon)

   It shrouds the wearer in darkness, reducing the range at which they can see
   and be seen by others.
   SInv:      It lets you see invisible.
   Will:      It increases your willpower.
Magical Staves
 b - a staff of fire
Jewellery
 i - a ring of wizardry (left hand)
 j - a +6 ring of intelligence (right hand)
 y - a ring of protection from fire
Wands
 m - a wand of iceblast (20)
 n - a wand of paralysis (19)
 F - a wand of flame (22)
Scrolls
 e - 3 scrolls of summoning
 g - 2 scrolls of identify
 q - a scroll of enchant weapon {unknown}
 s - a scroll of magic mapping
 v - 3 scrolls of teleportation
 B - 2 scrolls of enchant armour
 C - 3 scrolls of blinking
 D - a scroll of immolation {unknown}
 J - 2 scrolls of torment {unknown}
Potions
 h - 2 potions of mutation
 p - 2 potions of brilliance {unknown}
 r - a potion of magic {unknown}
 u - 2 potions of haste {unknown}
 x - a potion of resistance {unknown}
 z - 3 potions of heal wounds {unknown}
 A - a potion of might {unknown}
 H - a potion of berserk rage {unknown}
 I - a potion of lignification {unknown}
 K - a potion of ambrosia {unknown}


   Skills:
 + Level 5.9 Fighting
 - Level 5.0 Armour
 + Level 4.8 Dodging
 - Level 2.1 Stealth
 + Level 6.3 Spellcasting
 + Level 7.2 Conjurations
 + Level 7.2 Fire Magic


You had 10 spell levels left.
You knew the following spells:

 Your Spells              Type           Power      Damage    Failure   Level
a - Foxfire               Conj/Fire      100%       2x1d9     1%          1
b - Scorch                Fire           88%        2d9       1%          2
c - Flame Wave            Conj/Fire      44%        3d9       1%          4
d - Sticky Flame          Conj/Fire      44%        2d6       1%          4

Your spell library contained the following spells:

 Spells                   Type           Power      Damage    Failure   Level
 Freeze                   Ice            28%        1d5       3%          1
 Magic Dart               Conj           100%       1d8       1%          1
 Conjure Flame            Conj/Fire      44%        6-21      1%          3
 Inner Flame              Hex/Fire       25%        N/A       1%          3
 Ignite Poison            Fire/Tmut/Pois 19%        N/A       3%          3
 Mephitic Cloud           Conj/Pois/Air  19%        N/A       3%          3
 Call Imp                 Summ           7%         N/A       4%          2
 Call Canine Familiar     Summ           7%         N/A       9%          3
 Portal Projectile        Hex/Tloc       14%        N/A       9%          3
 Leda's Liquefaction      Hex/Erth       3%         N/A       28%         4


Dungeon Overview and Level Annotations

Branches:
Dungeon (8/15)             Temple (1/1) D:7           Sewer (visited)
   Lair: D:8-11

Altars:
Cheibriados
Dithmenos
Elyvilon
Fedhas
Hepliaklqana
Kikubaaqudgha
Makhleb
Okawaru
Ru
Vehumet
Wu Jian
Xom
Zin

Shops:
D:4 (   D:8 [


Innate Abilities, Weirdness & Mutations

You are immune to sickness and miasma.
Your stone body is resilient. (AC +7)
You are immune to poison.
You resist negative energy. (rN+)
You are resistant to electric shocks. (rElec)
You are resistant to unholy torment.
You are immune to petrification.


Message History

The boulder beetle leaps!
There is an open translucent door here.
You see here the +1 hat of the Meager Grue {-Cast Harm Dex+6}.
You see here the +3 whip of Cruel Justice {elec, rPois rCorr Str-4 SInv}.
The lava snake hisses angrily.
There is an open translucent gate here.
You hear the crackle of electricity.
E - a +5 short sword of electrocution (weapon)
You open the gate. The lava snake spits lava at you.
The glob of lava hits you but does no damage.
The lava snake spits lava at you. The glob of lava misses you.
There is an open translucent gate here.
The lindwurm breathes flames at you. The blast of flame hits you!!
You see here the +3 whip of Cruel Justice {elec, rPois rCorr Str-4 SInv}.
You see here the +1 hat of the Meager Grue {-Cast Harm Dex+6}.
A lindwurm is nearby!
The lindwurm breathes flames at you. The blast of flame hits you!!
* * * LOW HITPOINT WARNING * * *
Okay, then.
It was a potion of curing.
You feel better.
You feel better.
You feel better.
You feel better.
Okay, then.
You completely miss the lindwurm. The lindwurm bites you.
The lindwurm misses you. The lindwurm claws you.
You hit the lindwurm.
The lindwurm is lightly wounded.
The lindwurm bites you but does no damage.
The lindwurm completely misses you. The lindwurm barely misses you.
You hit the lindwurm.
The lindwurm is lightly wounded.
The lindwurm breathes flames at you. The blast of flame hits you!!!
Ouch! That really hurt!
You die...

### #........##.. ##.##
#.........### ########.#.#
#............ ○≈§≈#.##.#.#
######.#####.
8?..'.'k..k####### ##.## ##
=...'.'.###[..##8#####.## #
8$.^'.'.#
#..#.'.#.#..#########
§°SS#.###
##.#.#8....##........
####### #.#@###.............
##k## #............. ###
##............ #............
# ##############
#............ #
#............# #............
#
#............###............
##...........#..............
#..........##.#............


You could see a lindwurm (catching breath).

Vanquished Creatures
  Prince Ribbit (D:5)
  4 dream sheep (D:7)
  2 shadows (D:7)
  2 redbacks (D:8)
  A steam dragon (D:7)
  A water moccasin (D:7)
  Duvessa (D:7)
  2 hornet zombies (D:7)
  Purgy (Sewer)
  An ice beast (D:8)
  2 black bears
  2 ogres (D:5)
  2 phantoms
  A bullfrog (D:8)
  A wyvern zombie (D:8)
  A gnoll sergeant (D:8)
  A scorpion (D:6)
  A water moccasin zombie (D:6)
  Dowan (D:7)
  9 killer bees
  A howler monkey (D:7)
  A bullfrog zombie (D:6)
  2 bullfrog skeletons
  A gnoll shaman (D:4)
  A hound (D:6)
  A jelly (D:7)
  3 centaur skeletons
  An iguana (D:5)
  3 orc wizards
  10 gnolls
  10 adders
  A shadow imp (D:7)
  2 ufetubi
  2 worms
  2 dart slugs
  11 orcs
  6 ball pythons
  5 bats
  4 endoplasms
  A giant cockroach (D:2)
  5 goblins
  3 hobgoblins
  2 jackals (D:4)
  7 kobolds
  A quokka (D:2)
  3 training dummies (D:4)
  6 frilled lizards
  2 rats (D:1)
134 creatures vanquished.

Vanquished Creatures (collateral kills)
  An orc (D:5)
  5 foxfires (D:4)
6 creatures vanquished.

Vanquished Creatures (others)
  563 foxfires
  3 plants
566 creatures vanquished.

Grand Total: 706 creatures vanquished

Notes
Turn   | Place    | Note
-------+----------+-------------------------------------------
     0 | D:1      | Essalna the Gargoyle Fire Elementalist began the quest for
                  | the Orb.
     0 | D:1      | Reached XP level 1. HP: 10/10 MP: 3/3
   143 | D:1      | Found a faded altar of an unknown god.
   726 | D:2      | Reached XP level 2. HP: 15/15 MP: 5/5
  1277 | D:2      | Reached XP level 3. HP: 19/19 MP: 3/6
  1312 | D:2      | Learned a level 2 spell: Scorch
  1695 | D:2      | Reached XP level 4. HP: 13/24 MP: 4/8
  3061 | D:4      | Found Xithraffi's Firing Range.
  3258 | D:4      | Reached XP level 5. HP: 6/28 MP: 0/9
  3696 | D:4      | Noticed a black bear
  3706 | D:4      | Killed a black bear
  3707 | D:4      | Reached XP level 6. HP: 32/32 MP: 1/11
  3712 | D:4      | Learned a level 4 spell: Flame Wave
  4187 | D:5      | Entered Level 5 of the Dungeon
  4191 | D:5      | Identified a scroll of acquirement
  4191 | D:5      | Acquired a staff of fire
  4208 | D:5      | Reached skill level 1 in Fighting
  4208 | D:5      | Reached skill level 1 in Armour
  4233 | D:5      | Noticed Prince Ribbit
  4237 | D:5      | Killed Prince Ribbit
  4238 | D:5      | Reached XP level 7. HP: 39/39 MP: 6/13
  4313 | D:5      | Reached skill level 5 in Fire Magic
  4346 | D:5      | Found a glowing drain.
  4368 | Sewer    | Entered a sewer
  4532 | Sewer    | Noticed Purgy
  4538 | Sewer    | Killed Purgy
  4795 | D:5      | Found an ornate altar of the Wu Jian Council.
  4802 | D:5      | Reached XP level 8. HP: 45/45 MP: 8/14
  4950 | D:5      | Found a blossoming altar of Fedhas.
  5422 | D:6      | Reached skill level 5 in Conjurations
  6193 | D:7      | Found a hazy altar of Hepliaklqana.
  6224 | D:7      | Found a staircase to the Ecumenical Temple.
  6231 | D:7      | Reached skill level 5 in Spellcasting
  6237 | Temple   | Entered the Ecumenical Temple
  6322 | Temple   | Became a worshipper of Vehumet
  6470 | D:7      | Noticed Duvessa
  6470 | D:7      | Noticed Dowan
  6475 | D:7      | Killed Duvessa
  6476 | D:7      | Reached XP level 9. HP: 52/52 MP: 4/16
  6476 | D:7      | Killed Dowan
  6829 | D:7      | Reached skill level 5 in Armour
  6916 | D:7      | Reached skill level 5 in Fighting
  7466 | D:7      | Found the +5 robe of Night {Dark Will+ SInv}
  7690 | D:8      | Reached XP level 10. HP: 53/59 MP: 7/19
  8075 | D:8      | Found a shadowy altar of Dithmenos.
  8257 | D:8      | Reached * piety under Vehumet
  8257 | D:8      | Offered knowledge of Freeze by Vehumet.
  8398 | D:8      | Found a runed translucent door.
  8420 | D:8      | Found Zokhufuf's Armour Shop.
  8806 | D:8      | Found an ancient bone altar of Kikubaaqudgha.
  8873 | D:8      | Found a runed translucent gate.
  8873 | D:8      | Identified the +1 hat of the Meager Grue {-Cast Harm Dex+6}
  8937 | D:8      | Found a runed translucent gate.
  8937 | D:8      | Identified the +3 whip of Cruel Justice {elec, rPois rCorr
                  | Str-4 SInv}
  8937 | D:8      | Noticed a boulder beetle
  8938 | D:8      | Found a runed translucent gate.
  8938 | D:8      | Found a runed translucent gate.
  8938 | D:8      | Found a runed translucent gate.
  8938 | D:8      | Found a runed translucent gate.
  8944 | D:8      | Noticed a lindwurm
  9275 | D:8      | Learned a level 4 spell: Sticky Flame
  9643 | D:8      | Killed from afar by a lindwurm

Illustrated notes

Levels and vault maps discovered:
D:1:      dpeg_arrival_connections, layout_basic, ebering_ecumenical_altar_rust
D:2:      layout_basic, nrook_mini_vaults
D:3:      layout_basic, kennysheep_generic_room_3
D:4:      layout_rooms, serial_bayou, serial_bayou_pond_d,
          serial_bayou_crossing, serial_bayou_pond_e, serial_bayou_ford_a,
          nicolae_shop_firing_range
D:5:      layout_rooms, lemuel_tele_altar, mainiacjoe_overflow_tiny_flanked,
          gup_sewer_entry_glass, uniq_prince_ribbit1
D:6:      wander_river, layout_rooms
D:7:      layout_basic, nzn_hepliaklqana_mist_gate,
          minmay_temple_entry_sparse_star, hellmonk_guarded_unrand_night,
          uniq_duvessa
D:8:      gammafunk_indiana_jones, layout_cave_pods,
          mainiacjoe_overflow_surrounded_room, old_standard_altar, serial_shops,
          shop_statue
Temple:   regret_index_temple_sphere_string

Skill      XL: |  1  2  3  4  5  6  7  8  9 10 |
---------------+-------------------------------+-----
Conjurations   | 2 3 4 5 6 7 |  7.2
Spellcasting   | 3 4 5 6 |  6.3
Fire Magic     | 4 5 6 7 |  7.2
Fighting       | 1 2 3 5 |  5.9
Armour         | 1 2 4 5 |  5.0
Dodging        | 2 3 4 |  4.8
Stealth        | |  2.1

Action                   |  1- 3 |  4- 6 |  7- 9 | 10-12 || total
-------------------------+-------+-------+-------+-------++-------
Melee: Dagger            |    14 |    23 |       |       ||    37
       Falchion          |     3 |       |       |       ||     3
       Staff             |       |       |    12 |    43 ||    55
       Short sword       |       |       |     5 |     3 ||     8
 Cast: Foxfire           |    56 |    90 |   159 |    23 ||   328
       Scorch            |       |     5 |    37 |    23 ||    65
       Flame Wave        |       |       |     3 |     1 ||     4
       Sticky Flame      |       |       |       |     2 ||     2
  Use: Scroll            |       |     4 |     4 |     1 ||     9
       Potion            |       |       |       |     4 ||     4
 Stab: Sleeping          |     1 |     1 |       |       ||     2
Armor: Robe              |     8 |     6 |     1 |    38 ||    53
       Leather armour    |       |       |    30 |       ||    30
Dodge: Dodged            |    12 |    11 |    31 |    52 ||   106

Table legend: (Time is in decaauts)
 A = Elapsed time spent in this place.
 B = Non-inter-level travel time spent in this place.
 C = Inter-level travel time spent in this place.
 D = Time resting spent in this place.
 E = Time spent auto-exploring this place.
 F = Levels seen in this place.
 G = Mean time per level.
                   A        B        C        D        E       F      G
               +--------+--------+--------+--------+--------+-----+--------+
         Total |   9711 |   9432 |    279 |    188 |   8102 |  10 |  971.1 |
       Dungeon |   9157 |   8903 |    254 |    188 |   7656 |   8 | 1144.6 |
        Temple |    107 |     82 |     25 |      0 |     74 |   1 |  107.0 |
         Sewer |    446 |    446 |      0 |      0 |    372 |   1 |  446.0 |
               +--------+--------+--------+--------+--------+-----+--------+

Top non-repeatable levels by time:
     D:7: 1761 daAuts
     D:8: 1746 daAuts
     D:4: 1222 daAuts
     D:2: 1218 daAuts
     D:3: 1036 daAuts
     D:6: 726 daAuts
     D:5: 722 daAuts
     D:1: 721 daAuts
   Sewer: 446 daAuts
  Temple: 107 daAuts
